 Dungeon Crawl Stone Soup version 0.20.0-10-g0535bb4 (webtiles) character file.

1171 McKennaii the Slasher (level 8, 0/69 HPs)
             Began as a Minotaur Fighter on June 6, 2017.
             Was an Initiate of Qazlal.
             Succumbed to a killer bee's poison
             ... on level 6 of the Dungeon.
             The game lasted 00:05:57 (4759 turns).

McKennaii the Slasher (Minotaur Fighter)            Turns: 4759, Time: 00:05:57

Health: 0/69       AC: 13    Str: 23 (24) XL:     8   Next: 18%
Magic:  7/7        EV:  6    Int:  7 (10) God:    Qazlal [......]
Gold:   351        SH: 10    Dex:  9 (12) Spells: 7/7 levels left

rFire    . . .     SeeInvis .   a - +0 long sword
rCold    . . .     Gourm    .   c - +0 shield
rNeg     . . .     Faith    .   w - +0 plate armour
rPois    .         Spirit   .   (helmet restricted)
rElec    .         Reflect  .   (no cloak)
rCorr    .         Harm     .   (no gloves)
MR       .....                  (no boots)
Stlth    ..........             (no amulet)
Regen    0.3/turn               (no ring)
MPRegen  0.1/turn               (no ring)

@: mighty, brilliant, lethally poisoned (0 -> -6), starving
A: retaliatory headbutt, beak, horns 2, weak 1
a: Renounce Religion


You were on level 6 of the Dungeon.
You worshipped Qazlal.
Qazlal was noncommittal.
You were starving.

You visited 2 branches of the dungeon, and saw 7 of its levels.

You collected 351 gold pieces.

Inventory:

Hand Weapons
 a - a +0 long sword (weapon)
Armour
 c - a +0 shield (worn)
 w - a +0 plate armour (worn)
Scrolls
 e - a scroll of random uselessness {unknown}
 g - a scroll of immolation {unknown}
 h - a scroll of enchant armour {unknown}
 i - 5 scrolls of identify {unknown}
 l - 6 scrolls of teleportation {unknown}
 m - 2 scrolls of amnesia {unknown}
 o - a scroll of fog {unknown}
 r - 2 scrolls of fear {unknown}
 s - 2 scrolls of magic mapping {unknown}
 u - 2 scrolls of remove curse {unknown}
Potions
 p - a potion of agility {unknown}
Books
 j - a book of Callings

   Spells                             Type                      Level
   a - Summon Small Mammal            Summoning                    1
   b - Call Imp                       Summoning                    2
   c - Call Canine Familiar           Summoning                    3
   d - Summon Guardian Golem          Hexes/Summoning              3
   e - Summon Lightning Spire         Summoning/Air                4
   f - Summon Ice Beast               Ice/Summoning                4
Comestibles
 f - 5 bread rations
 t - 4 meat rations


   Skills:
 + Level 5.4 Fighting
 + Level 7.3 Long Blades
 + Level 6.8 Armour
 + Level 2.3 Dodging
 + Level 6.4 Shields


You had 7 spell levels left.
You didn't know any spells.

Dungeon Overview and Level Annotations

Branches:
Dungeon (6/15)             Temple (1/1) D:4

Altars:
Ashenzari
Fedhas
Gozag
Hepliaklqana
Kikubaaqudgha
Makhleb
Okawaru
Qazlal
Sif Muna
Trog
Uskayaw
Xom

Annotations:
D:5 exclusion: oklob plant


Innate Abilities, Weirdness & Mutations

You reflexively headbutt those who attack you in melee.
You have a pair of horns on your head.
You have a beak for a mouth.
You are weak. (Str -2)


Message History

You feel sick.
The killer bee stings you but does no damage.
The killer bee barely misses you.
The killer bee stings you but does no damage.
You slash the killer bee!
You kill the killer bee!
Qazlal accepts your kill.
* * * LOW HITPOINT WARNING * * *
You feel sick.
Unknown command.
It was a potion of degeneration.
There was something very wrong with that liquid.
You feel weakened.
You feel dopey.
You feel clumsy.
You are starving!
* * * LOW HITPOINT WARNING * * *
You feel sick.
It was a potion of mutation.
You feel extremely strange.
You feel weaker.
Your mouth lengthens and hardens into a beak!
You die...

# #### ... .# .....
.... ##. ..... ... ##..
...... #####.####..#
###...... #...........#
#........
#...........###@#
#..............†#
#..........#..###
#........#.....##
#.....<..##>...y#
#........#####.........
#........# #..........
########## #._.........
.............


There were no monsters in sight!

Vanquished Creatures
  The ghost of Naow the Cleaver, a novice MiBe of Trog (D:5)
  2 scorpions
  4 killer bees (D:6)
  A howler monkey (D:5)
  A bullfrog zombie (D:6)
  A quasit (D:5)
  2 hounds (D:4)
  An orc wizard (D:5)
  2 iguanas (D:5)
  A worker ant (D:4)
  A hound skeleton (D:4)
  9 adders
  An ooze (D:3)
  A worm (D:2)
  4 leopard geckos
  8 orcs
  3 ball pythons
  4 giant cockroaches
  10 goblins
  13 hobgoblins
  8 jackals
  2 quokkas
  11 bats
  5 frilled lizards
  9 kobolds
  2 rats
  3 fungi (D:5)
  3 plants (D:5)
113 creatures vanquished.

Notes
Turn   | Place    | Note
-------+----------+-------------------------------------------
     0 | D:1      | McKennaii the Minotaur Fighter began the quest for the Orb.
     0 | D:1      | Reached XP level 1. HP: 19/19 MP: 0/0
   463 | D:1      | Reached XP level 2. HP: 27/27 MP: 1/1
  1055 | D:2      | Reached XP level 3. HP: 31/33 MP: 2/2
  1061 | D:2      | Reached skill level 3 in Long Blades
  1104 | D:2      | Found a hide-covered altar of Uskayaw.
  1244 | D:2      | Found an ancient bone altar of Kikubaaqudgha.
  1344 | D:3      | Reached XP level 4. HP: 35/40 MP: 3/3
  1958 | D:3      | Reached XP level 5. HP: 44/46 MP: 4/4
  2074 | D:4      | Reached skill level 4 in Long Blades
  2074 | D:4      | Reached skill level 1 in Dodging
  2077 | D:4      | Reached skill level 5 in Armour
  2126 | D:4      | Found a bloodstained altar of Trog.
  2318 | D:4      | Found a hazy altar of Hepliaklqana.
  2449 | D:4      | Found a staircase to the Ecumenical Temple.
  2674 | D:4      | Reached skill level 5 in Shields
  2730 | Temple   | Entered the Ecumenical Temple
  2737 | Temple   | Became a worshipper of Qazlal Stormbringer
  2790 | D:4      | Reached XP level 6. HP: 33/53 MP: 5/5
  3083 | D:5      | Entered Level 5 of the Dungeon
  3256 | D:5      | Reached skill level 5 in Long Blades
  3475 | D:5      | Found a blossoming altar of Fedhas.
  3488 | D:5      | Noticed an oklob plant
  3807 | D:5      | Noticed Naow's ghost (novice MiBe)
  3957 | D:5      | Reached XP level 7. HP: 60/60 MP: 6/6
  4557 | D:5      | Killed Naow's ghost
  4557 | D:5      | Reached skill level 5 in Fighting
  4557 | D:5      | Reached skill level 6 in Long Blades
  4723 | D:6      | Found a shimmering altar of Xom.
  4740 | D:6      | Reached XP level 8. HP: 27/69 MP: 7/7
  4746 | D:6      | Reached skill level 7 in Long Blades
  4757 | D:6      | HP: 2/69 [poisoned by a killer bee]
  4759 | D:6      | Gained mutation: You are weak. (Str -2) [potion of mutation]
  4759 | D:6      | Gained mutation: You have a beak for a mouth. [potion of mutation]
  4759 | D:6      | Succumbed to a killer bee's poison

Skill      XL: |  1  2  3  4  5  6  7  8 |
---------------+-------------------------+-----
Fighting       | 4 5 |  5.4
Shields        | 4 5 6 |  6.4
Armour         | 4 5 6 |  6.8
Long Blades    | 3 4 5 6 7 |  7.3
Dodging        | 1 2 |  2.3

Action                   |  1- 3 |  4- 6 |  7- 9 || total
-------------------------+-------+-------+-------++-------
Melee: Long sword        |    96 |   221 |    66 ||   383
       Headbutt          |     9 |    47 |    16 ||    72
  Use: Potion            |       |     1 |     6 ||     7
  Eat: Chunk             |     1 |     8 |     1 ||    10
       Fruit             |       |     1 |       ||     1
Armor: Scale mail        |    35 |    92 |     5 ||   132
       Plate armour      |       |       |    39 ||    39
Dodge: Dodged            |    33 |    70 |    22 ||   125
Block: Shield            |    50 |    98 |    60 ||   208
       Rpst.: Long sword |    11 |    22 |     8 ||    41
